 Dungeon Crawl Stone Soup version 0.30-a0-719-gcc4359ea44 (webtiles) character file.

Game seed: 1961585870909480624

212 Dittersdorf the Trooper (level 5, -2/34 HPs)
             Began as a Gargoyle Fighter on Jan 26, 2023.
             Slain by a gnoll sergeant
             ... wielding a +0 trident
              (8 damage)
             ... on level 4 of the Dungeon.
             The game lasted 00:06:23 (2903 turns).

Dittersdorf the Trooper (Gargoyle Fighter)          Turns: 2903, Time: 00:06:24

Health: -2/34      AC: 13    Str: 22    XL:     5   Next: 90%
Magic:  5/5        EV:  9    Int: 11    God:
Gold:   820        SH:  5    Dex: 11    Spells: 4/4 levels left

rFire   . . .      SeeInvis .    p - +3 mace of Tory {drain, Dex+2}
rCold   . . .      Faith    .    c - +0 buckler
rNeg    + . .      Spirit   .    b - +0 scale mail
rPois   ∞          Reflect  .    i - +0 helmet {Int+3}
rElec   +          Harm     .    (no cloak)
rCorr   .          Rampage  .    e - +0 pair of gloves
Will    .....                    (no boots) Stlth
                                 (no amulet)
HPRegen 0.25/turn                (no ring)
MPRegen 0.09/turn                (no ring)

@: no status effects
A: sickness immunity, AC +4, negative energy resistance 1, electricity
resistance, torment resistance 1, petrification resistance
a: no special abilities


You were on level 4 of the Dungeon.
You visited 1 branch of the dungeon, and saw 4 of its levels.

You collected 820 gold pieces.

Inventory:

Hand Weapons
 a - a +0 flail
 p - the +3 mace of Tory (weapon) {drain, Dex+2}
   (You found it on level 2 of the Dungeon)

   Dex:       It affects your dexterity (+2).
Missiles
 n - 6 curare-tipped darts (quivered)
Armour
 b - a +0 scale mail (worn)
 c - a +0 buckler (worn)
 e - a +0 pair of gloves (worn)
 i - a +0 helmet of intelligence (worn)
Potions
 d - 2 potions of might
 f - a potion of magic
 k - a potion of cancellation {unknown}
 l - 2 potions of curing {unknown}
 q - 2 potions of heal wounds
 r - a potion of brilliance


   Skills:
 + Level 4.5 Fighting
 + Level 3.3 Maces & Flails
 + Level 4.4 Armour
 + Level 4.4 Shields


You had 4 spell levels left.
You didn't know any spells.
Your spell library was empty.

Dungeon Overview and Level Annotations

Branches:
Dungeon (4/15)
 Temple: D:4-7

Altars:

Shops:
D:2 [=


Innate Abilities, Weirdness & Mutations

You are immune to sickness and miasma.
Your stone body is resilient. (AC +4)
You are immune to poison.
You resist negative energy. (rN+)
You are resistant to electric shocks. (rElec)
You are resistant to unholy torment.
You are immune to petrification.


Message History

No target in view!
No target in view!
No target in view!
You see here a +0 dagger.
A centaur comes into view.
The centaur shouts!
You hear a shout!
The centaur wields a +0 shortbow.
The centaur shoots an arrow.
The arrow hits you!
You hear a bark!
A gnoll sergeant, 2 orcs, an ufetubus and a jackal come into view.
Found a manual of Axes.
The gnoll sergeant shouts!
The orc shouts!
The orc wizard shouts!
The ufetubus shouts!
The jackal barks!
The centaur unwields a +0 shortbow.
The centaur completely misses you.
The centaur kicks you but does no damage.
The gnoll sergeant hits you from afar with a +0 trident.
The orc wizard moves out of view.
You hit the centaur. You drain the centaur.
The centaur is heavily wounded.
The centaur hits you. The centaur barely misses you.
The centaur hits you but does no damage.
The centaur kicks you but does no damage.
The gnoll sergeant hits you but does no damage.
You sock the centaur!
You kill the centaur!
You block the gnoll sergeant's attack.
Found a short sword.
The gnoll sergeant hits you with a +0 trident.
You see here a +0 shortbow.
You hit the gnoll sergeant.
The gnoll sergeant is lightly wounded.
The gnoll sergeant hits you with a +0 trident.
* * * LOW HITPOINT WARNING * * *
You hit the gnoll sergeant.
The gnoll sergeant is lightly wounded.
The gnoll sergeant closely misses you.
The gnoll sergeant hits you with a +0 trident.
* * * LOW HITPOINT WARNING * * *
The gnoll sergeant hits you from afar with a +0 trident!
You die...

#.. #.. .. #.
##.##
######...###
.....).#..>######
#.....#@.......#
#)#)#.###.#
#g##...<#
5oo###.##
##h##.....
#.#.#.#### #.# ..
#.#..# #.#..


You could see a gnoll sergeant, an orc, an ufetubus and a jackal.

Vanquished Creatures
  A centaur (D:4)
  3 gnolls (D:2)
  2 adders
  A shadow imp (D:3)
  2 worms
  An orc (D:3)
  5 bats
  7 endoplasms
  2 giant cockroaches
  8 hobgoblins
  4 jackals (D:1)
  4 kobolds
  4 quokkas
  5 ball pythons
  12 frilled lizards
  6 goblins
  5 rats
72 creatures vanquished.

Vanquished Creatures (others)
  7 plants
7 creatures vanquished.

Grand Total: 79 creatures vanquished

Notes
Turn   | Place    | Note
-------+----------+-------------------------------------------
     0 | D:1      | Dittersdorf the Gargoyle Fighter began the quest for the
                  | Orb.
     0 | D:1      | Reached XP level 1. HP: 14/14 MP: 1/1
   132 | D:1      | Reached XP level 2. HP: 14/19 MP: 2/2
   600 | D:1      | Reached XP level 3. HP: 17/23 MP: 3/3
   671 | D:1      | Found a faded altar of an unknown god.
   933 | D:2      | Found Plog's Jewellery Boutique.
  1031 | D:2      | Identified the +3 mace of Tory {drain, Dex+2}
  1094 | D:2      | Reached XP level 4. HP: 25/29 MP: 4/4
  1405 | D:2      | Found Tegod's Armour Shop.
  2031 | D:3      | Identified a scroll of acquirement
  2031 | D:3      | Acquired 718 gold pieces
  2255 | D:3      | Reached XP level 5. HP: 32/33 MP: 5/5
  2896 | D:4      | Noticed a centaur
  2899 | D:4      | Killed a centaur
  2903 | D:4      | Slain by a gnoll sergeant

Illustrated notes

Levels and vault maps discovered:
D:1:      kilobyte_arrival_exit_the_forest, layout_rooms,
          shapermc_ecumenical_altar_mp_highgroup, minmay_tree_intersection
D:2:      layout_loops_ring, serial_shops, nicolae_shop_trees,
          nicolae_shop_behind_doors, serial_bayou, serial_bayou_lake_a,
          serial_bayou_lagoon_a, serial_bayou_shore_a, serial_bayou_ford_a,
          grunt_ministairs_5, nicolae_wormholes, uniq_crazy_yiuf_cottage
D:3:      layout_basic, portal_sewer_entry_e, minmay_misc_feat_hallway,
          minmay_lizard_king
D:4:      layout_basic, lemuel_round_altar, lemuel_crystal_altar,
          minmay_temple_entry_sparse_star, minmay_manual_monstrance

Skill      XL: |  1  2  3  4 |
---------------+-------------+-----
Fighting       | 4 |  4.5
Armour         | 4 |  4.4
Shields        | 4 |  4.4
Maces & Flails | 3 |  3.3

Action                     |  1- 3 |  4- 6 || total
---------------------------+-------+-------++-------
  Melee: Flail             |   101 |       ||   101
         Mace              |     7 |    87 ||    94
    Use: Scroll            |       |     9 ||     9
 Armour: Scale mail        |    71 |    43 ||   114
  Dodge: Dodged            |    56 |    37 ||    93
  Block: Buckler           |    26 |    23 ||    49

Table legend: (Time is in decaauts)
 A = Elapsed time spent in this place.
 B = Non-inter-level travel time spent in this place.
 C = Inter-level travel time spent in this place.
 D = Time resting spent in this place.
 E = Time spent auto-exploring this place.
 F = Levels seen in this place.
 G = Mean time per level.
                   A        B        C        D        E       F      G
               +--------+--------+--------+--------+--------+-----+--------+
         Total |   3081 |   2822 |    259 |      0 |   1978 |   4 |  770.2 |
       Dungeon |   3081 |   2822 |    259 |      0 |   1978 |   4 |  770.2 |
               +--------+--------+--------+--------+--------+-----+--------+

Top non-repeatable levels by time:
     D:2: 1175 daAuts
     D:3: 959 daAuts
     D:1: 929 daAuts
     D:4: 16 daAuts
